 Dungeon Crawl Stone Soup version 0.27.1-15-g792fb953b9 (webtiles) character file.

Game seed: 14070097273944605691

3863 ddubois the Covert (level 9, -5/47 HPs)
             Began as a Spriggan Delver on Nov 19, 2021.
             Was a High Priest of Okawaru.
             Hit by a large rock thrown by a cyclops (40 damage)
             ... on level 7 of the Dungeon.
             The game lasted 01:11:50 (16681 turns).

ddubois the Covert (Spriggan Delver)               Turns: 16681, Time: 01:11:51

Health: -5/47      AC:  7    Str: 14    XL:     9   Next: 99%
Magic:  16/16      EV: 18    Int: 15    God:    Okawaru [*****.]
Gold:   528        SH: 10    Dex: 16    Spells: 6/16 levels left

rFire    . . .     SeeInvis +   a - +2 dagger (protect)
rCold    . . .     Faith    +   j - +2 buckler
rNeg     . . .     Spirit   .   O - +0 steam dragon scales
rPois    .         Reflect  .   o - +1 hat
rElec    .         Harm     .   q - +0 cloak
rCorr    .         Rampage  .   (gloves unavailable)
Will     +....                  (boots unavailable)
Stlth    ++++......             x - amulet of faith
HPRegen  0.15/turn              z - +6 ring of strength
MPRegen  0.15/turn              (no ring)

@: very quick
A: very small, no large weapons, unfitting armour, see invisible, speed 3
a: Renounce Religion, Heroism, Finesse


You were on level 7 of the Dungeon.
You worshipped Okawaru.
Okawaru was extremely pleased with you.
You visited 1 branch of the dungeon, and saw 7 of its levels.
You also visited: Sewer.

You collected 528 gold pieces.

Inventory:

Hand Weapons
 a - a +2 dagger of protection (weapon)
 t - a +0 hunting sling
 v - a +2 vorpal flail
 K - a +0 arbalest
 N - a +0 long sword of electrocution
Missiles
 k - 4 boomerangs
 p - 443 stones
 r - 126 sling bullets
 w - 16 bolts
 B - 6 poisoned darts (quivered)
 E - 100 arrows
 J - 4 datura-tipped darts
Armour
 j - a +2 buckler (worn)
 o - a +1 hat (worn)
 q - a +0 cloak (worn)
 O - +0 steam dragon scales (worn)
Jewellery
 x - an amulet of faith (around neck)
 z - a +6 ring of strength (left hand)
 G - a ring of fire
 I - an amulet of guardian spirit
Wands
 b - a wand of acid (9)
 g - a wand of digging (3)
 C - a wand of iceblast (5)
Scrolls
 c - a scroll of fog
 d - a scroll of magic mapping
 e - a scroll of enchant weapon
 f - 2 scrolls of summoning
 i - a scroll of brand weapon
 l - 3 scrolls of amnesia {unknown}
 m - 4 scrolls of teleportation
 y - 3 scrolls of vulnerability {unknown}
 A - a scroll of silence
Potions
 h - a potion of lignification
 n - 3 potions of flight
 u - a potion of brilliance
 D - 2 potions of heal wounds
 F - 2 potions of attraction
 H - 2 potions of curing
 L - a potion of haste
 M - a potion of mutation


   Skills:
 - Level 5.0 Fighting
 - Level 6.0 Short Blades
 - Level 4.0 Dodging
 - Level 10.0 Stealth
 - Level 7.2 Shields
 - Level 4.0 Spellcasting
 * Level 7.1 Translocations


You had 6 spell levels left.
You knew the following spells:

 Your Spells              Type           Power      Damage    Failure   Level
a - Blink                 Tloc           N/A        N/A       1%          2
b - Gell's Gravitas       Tloc           12%        N/A       3%          3
c - Manifold Assault      Tloc           24%        N/A       26%         5

Your spell library contained the following spells:

 Spells                   Type           Power      Damage    Failure   Level
 Teleport Other           Tloc           24%        N/A       3%          3
 Dispersal                Tloc           12%        N/A       83%         6
 Hailstorm                Conj/Ice       3%         3d3       87%         4
 Ice Form                 Ice/Tmut       3%         N/A       87%         4
 Simulacrum               Ice/Necr       1%         N/A       100%        6
 Storm Form               Tmut/Air       1%         N/A       100%        7


Dungeon Overview and Level Annotations

Branches:
Dungeon (7/15)             Temple (0/1) D:5           Sewer (visited)

Altars:
Dithmenos
Elyvilon
Gozag
Kikubaaqudgha
Okawaru
Uskayaw
Vehumet
Wu Jian
Yredelemnul
Zin

Shops:
D:2 (

Annotations:
D:5 3 runed translucent doors, Asuta's ghost, novice HOBe


Innate Abilities, Weirdness & Mutations

You are very small and have problems with some larger weapons.
You are too small for most types of armour.
You have supernaturally acute eyesight. (SInv)
You cover ground extremely quickly. (Speed+++)


Message History

Unknown command.
Throw: 12 darts (poison)
Press: ? - help, Q - select action, (/) - cycle Shift-Dir - straight line, f/p - cyclops
Aim: a cyclops, quivering large rocks (severely wounded, 86% to hit)
You throw a poisoned dart. The poisoned dart hits the cyclops.
The cyclops is poisoned.
The cyclops is severely wounded.
Throw: 11 darts (poison)
Press: ? - help, Q - select action, (/) - cycle Shift-Dir - straight line, f/p - cyclops
Aim: a cyclops, quivering large rocks (severely wounded, poisoned, 86% to hit)
You throw a poisoned dart.
The poisoned dart barely misses the cyclops.
Throw: 10 darts (poison)
Press: ? - help, Q - select action, (/) - cycle Shift-Dir - straight line, f/p - cyclops
Aim: a cyclops, quivering large rocks (severely wounded, poisoned, 86% to hit)
You throw a poisoned dart. The poisoned dart hits the cyclops.
The cyclops looks even sicker.
The cyclops is severely wounded.
Throw: 9 darts (poison)
Press: ? - help, Q - select action, (/) - cycle Shift-Dir - straight line, f/p - cyclops
Aim: a cyclops, quivering large rocks (severely wounded, very poisoned, 86% to hit)
You throw a poisoned dart.
The poisoned dart barely misses the cyclops.
The cyclops throws a large rock.
You block the large rock.
Throw: 8 darts (poison)
Press: ? - help, Q - select action, (/) - cycle Shift-Dir - straight line, f/p - cyclops
Aim: a cyclops, quivering large rocks (severely wounded, poisoned, 86% to hit)
You throw a poisoned dart. The poisoned dart hits the cyclops.
The cyclops looks even sicker.
The cyclops is severely wounded.
The cyclops throws a large rock.
The large rock hits you!
Throw: 7 darts (poison)
Press: ? - help, Q - select action, (/) - cycle Shift-Dir - straight line, f/p - cyclops
Aim: a cyclops, quivering large rocks (almost dead, very poisoned, 86% to hit)
You throw a poisoned dart. The poisoned dart hits the cyclops.
The cyclops looks even sicker.
The cyclops is almost dead.
The cyclops throws a large rock.
The large rock hits you!!!
Ouch! That really hurt!
You die...

#.(.C((...........
#C#####.......... #.#
#.....(#.# #.#
#......# #.# #...!..#
#.# #......# #.#
######## #.# ....
#@########### ......
#.##......... ......
#..'.........
......######.........
.....................
........####.........
........###..........
#..........#.######
#......###.#.#


You could see a cyclops (very poisoned).

Vanquished Creatures
  Pikel (D:4)
  A troll (D:6)
  A steam dragon (D:6)
  A water moccasin (D:5)
  2 ice beasts (D:6)
  4 black bears
  3 necrophages
  A centaur (D:6)
  4 ogres
  2 lemures
  A phantom (D:6)
  A bullfrog (D:7)
  2 scorpions (D:5)
  2 water moccasin skeletons (D:4)
  4 killer bees
  6 wights
  A howler monkey (D:6)
  2 centaur zombies
  A bullfrog zombie (D:5)
  A bullfrog skeleton (D:4)
  4 hounds
  2 orc priests
  Crazy Yiuf (D:5)
  An iguana (D:5)
  6 orc wizards
  A hound zombie (D:5)
  16 gnolls
  5 adders
  A shadow imp (D:6)
  A white imp (D:5)
  An ufetubus (D:7)
  7 worms
  2 dart slugs
  10 orcs
  11 ball pythons
  18 bats
  7 endoplasms
  3 giant cockroaches
  35 goblins
  31 hobgoblins
  8 jackals
  10 kobolds
  A quokka (D:1)
  9 frilled lizards
  7 rats
239 creatures vanquished.

Vanquished Creatures (others)
  A butterfly (D:3)
  A fungus (D:5)
2 creatures vanquished.

Grand Total: 241 creatures vanquished

Notes
Turn   | Place    | Note
-------+----------+-------------------------------------------
     0 | D:5      | ddubois the Spriggan Delver began the quest for the Orb.
     0 | D:5      | Reached XP level 1. HP: 11/11 MP: 2/2
     5 | D:5      | Found an iron altar of Okawaru.
    14 | D:5      | Became a worshipper of Warmaster Okawaru
   110 | D:5      | Noticed an orc wizard
   111 | D:5      | Noticed a scorpion
   169 | D:5      | Found a staircase to the Ecumenical Temple.
   404 | D:5      | Found a runed translucent gate.
   404 | D:5      | Found a runed translucent gate.
   404 | D:5      | Found a runed translucent gate.
   404 | D:5      | Noticed Asuta's ghost (novice HOBe)
   406 | D:5      | Found a basalt altar of Yredelemnul.
   460 | D:5      | Noticed an orc priest
   601 | D:4      | Reached XP level 2. HP: 8/16 MP: 3/3
   751 | D:4      | Found an ornate altar of the Wu Jian Council.
   752 | D:4      | Found a hide-covered altar of Uskayaw.
   752 | D:4      | Found a glowing silver altar of Zin.
   753 | D:4      | Found an ancient bone altar of Kikubaaqudgha.
   753 | D:4      | Noticed a necrophage
   791 | D:3      | Found a glowing drain.
   854 | Sewer    | Entered a sewer
  1210 | Sewer    | Reached XP level 3. HP: 18/19 MP: 4/4
  2061 | Sewer    | Reached skill level 1 in Shields
  2128 | Sewer    | Reached skill level 8 in Stealth
  2401 | D:3      | Found a white marble altar of Elyvilon.
  2406 | D:3      | Noticed a black bear
  2588 | D:3      | Reached XP level 4. HP: 23/23 MP: 5/5
  2784 | D:2      | Found Ufaddemu's Antique Weapon Shoppe.
  4321 | D:2      | Reached * piety under Okawaru
  4466 | D:2      | Reached XP level 5. HP: 28/28 MP: 6/6
  5793 | D:3      | Killed a black bear
  5794 | D:3      | Reached XP level 6. HP: 32/32 MP: 7/7
  6168 | D:3      | Reached skill level 9 in Stealth
  6823 | D:3      | Reached ** piety under Okawaru
  6970 | D:4      | You fall into a shaft and drop 2 floors!
  6970 | D:6      | Noticed an ice beast
  7788 | D:4      | Reached XP level 7. HP: 23/36 MP: 8/8
  8592 | D:4      | Noticed Pikel
  8691 | D:4      | Killed Pikel
  8691 | D:4      | Reached *** piety under Okawaru
  8691 | D:4      | Reached **** piety under Okawaru
  8692 | D:4      | Reached skill level 10 in Stealth
  8692 | D:4      | Reached XP level 8. HP: 27/40 MP: 9/9
  8988 | D:4      | Found a radiant altar of Vehumet.
  8989 | D:4      | Found a shadowy altar of Dithmenos.
  9226 | D:4      | Found a shadowy altar of Dithmenos.
  9227 | D:4      | Found a radiant altar of Vehumet.
 10402 | D:5      | Identified the +0 ring mail "Gicymar" {Dex+3}
 10905 | D:5      | Found a runed translucent door.
 10906 | D:5      | Noticed Crazy Yiuf
 10982 | D:5      | Killed Crazy Yiuf
 11147 | D:5      | Reached ***** piety under Okawaru
 11307 | D:5      | Reached XP level 9. HP: 39/45 MP: 10/10
 11544 | D:5      | Found an opulent altar of Gozag.
 12451 | D:6      | Reached skill level 5 in Short Blades
 12852 | D:5      | Learned a level 2 spell: Blink
 12856 | D:5      | Learned a level 3 spell: Gell's Gravitas
 13036 | D:5      | Reached skill level 5 in Fighting
 13130 | D:5      | Reached skill level 1 in Translocations
 13365 | D:5      | Reached skill level 1 in Spellcasting
 15587 | D:6      | Learned a level 5 spell: Manifold Assault
 15782 | D:7      | Noticed a troll
 15849 | D:6      | Killed a troll
 15850 | D:6      | Reached skill level 5 in Translocations
 15973 | D:7      | Noticed a cyclops
 15974 | D:7      | Noticed a six-headed hydra
 16681 | D:7      | Hit by a large rock thrown by a cyclops

Illustrated notes

Levels and vault maps discovered:
D:1:      psy_arrival_conway, layout_basic
D:2:      minmay_recursive_quarters, layout_rooms, serial_shops,
          nicolae_shop_waterfront, serial_glass, glass_columns_a,
          glass_columns_a, glass_columns_b, glass_columns_b, glass_columns_c,
          glass_columns_c, glass_columns_a, glass_columns_a, feat_on_display,
          item_on_display_a
D:3:      layout_basic, nicolae_elyvilon_peaceful_grove,
          cheibrodos_sewer_entry_sluice, minmay_misc_feat_nine_boxes
D:4:      layout_cave_pools, chequers_temple_overflow_statue_of_worship,
          gammafunk_temple_overflow_pools, uniq_pikel
D:5:      minmay_goblin_kobold_castle, layout_loops_corners,
          okawaru_metal_pillars_1_2, nicolae_gozag_seed_capital,
          nicolae_yredelemnul_ghost_church, minmay_temple_entry_sparse_star,
          uniq_crazy_yiuf_cottage
D:6:      layout_basic
D:7:      minmay_the_grid_square_5x5_3x3
          [minmay_the_grid_square_5x5_sharp_hourglass,
          minmay_the_grid_square_5x5_moneybag,
          minmay_the_grid_square_5x5_checkered_statues,
          minmay_the_grid_square_5x5_minimal,
          minmay_the_grid_square_5x5_megaprize_crossed,
          minmay_the_grid_square_5x5_minibox,
          minmay_the_grid_square_5x5_half_checkered,
          minmay_the_grid_square_5x5_inner_z,
          minmay_the_grid_square_5x5_tetrominoes], layout_basic,
          minmay_fountain_box

Skill      XL: |  1  2  3  4  5  6  7  8  9 |
---------------+----------------------------+-----
Dodging        | 3 4 |  4.0
Shields        | 1 2 3 4 6 7 |  7.2
Stealth        | 8 9 10 | 10.0
Fighting       | 3 4 5 |  5.0
Short Blades   | 3 6 |  6.0
Translocations | 7 |  7.1
Spellcasting   | 4 |  4.0

Action                   |  1- 3 |  4- 6 |  7- 9 || total
-------------------------+-------+-------+-------++-------
Melee: Short sword       |   103 |   276 |    67 ||   446
       Spear             |   124 |    33 |   168 ||   325
       Dagger            |       |       |   518 ||   518
       Long sword        |       |       |    23 ||    23
       Flail             |       |       |     3 ||     3
 Fire: Hunting sling     |       |       |    44 ||    44
Throw: Boomerang         |    24 |       |     4 ||    28
       Dart              |    10 |    57 |   129 ||   196
Evoke: Wand              |       |       |     3 ||     3
  Use: Potion            |     3 |     2 |     1 ||     6
       Scroll            |     1 |       |     7 ||     8
 Stab: Sleeping          |     5 |    20 |    13 ||    38
       Distracted        |     1 |     2 |     3 ||     6
Armor: Robe              |    22 |    21 |   101 ||   144
       Skin              |       |       |     8 ||     8
       Steam dragon scal |       |       |     8 ||     8
Dodge: Dodged            |   157 |   147 |   407 ||   711
Block: Buckler           |     3 |   104 |   343 ||   450
       Rpst.: Long sword |       |       |     9 ||     9
